 Dungeon Crawl Stone Soup version 0.31-a0-321-g19405a7a6a (webtiles) character file.

Game seed: 15218207385835977190

116 LustLizard the Ruffian (level 5, -5/36 HPs)
             Began as an Octopode Shapeshifter on July 18, 2023.
             Slain by a goblin
             ... wielding a +0 club
             ... led by Robin
              (7 damage)
             ... on level 3 of the Dungeon.
             The game lasted 00:03:01 (1918 turns).

LustLizard the Ruffian (Octopode Shapeshifter)      Turns: 1918, Time: 00:03:02

Health: -5/36      AC:  1    Str: 16    XL:     5   Next: 1%
Magic:  5/5        EV: 13    Int: 11    God:
Gold:   182        SH:  0    Dex: 12    Spells: 4/4 levels left

rFire   . .          .
                       - Unarmed
rCold   . . .        (no shield)
rNeg    . . .        (helmet currently unavailable)
rPois   .            (no amulet)
rElec   .            (no ring)
rCorr   .            (no ring)
SInv    .            (no ring)
Will    .....        (no ring)
Stlth   ++           (no ring)
HPRegen 0.26/turn    (no ring)
MPRegen 0.09/turn    (no ring)
                     (no ring)

%: no passive effects
@: mighty, beast-form
A: beast (slay +2), almost no armour, amphibious, 8 rings, camouflage 1,
gelatinous body 1, (nimble swimmer 1), tentacles
a: Begin Untransformation


You were on level 3 of the Dungeon.
You were a hulking beast.
You visited 1 branch of the dungeon, and saw 3 of its levels.

You collected 182 gold pieces.

Inventory:

Talismans
 b - a beast talisman
 m - a dragon-blood talisman
Scrolls
 e - a scroll of enchant armour {unknown}
 h - a scroll of enchant weapon {unknown}
 i - a scroll of identify {unknown}
 l - a scroll of noise {unknown}
Potions
 a - a potion of lignification
 c - a potion of resistance {unknown}
 d - a potion of curing {unknown}
 f - a potion of might
 g - a potion of degeneration {unknown}
 j - a potion of brilliance {unknown}
 k - 2 potions of mutation {unknown}


   Skills:
 + Level 3.0 Fighting
 - Level 2.0 Dodging
 * Level 3.8 Unarmed Combat
 + Level 3.5 Shapeshifting


You had 4 spell levels left.
You didn't know any spells.
Your spell library contained the following spells:

 Spells                   Type           Power      Damage    Failure   Level
 Shock                    Conj/Air       0%         1d3       34%         1


Dungeon Overview and Level Annotations

Branches:
Dungeon (3/15)

Altars:
Sif Muna
Trog

Annotations:
D:3 Ijyb, Robin


Innate Abilities, Weirdness & Mutations

You are a hulking beast.
Your limbs bulge with bestial killing power. (Slay +2)
You cannot wear most types of armour.
You are amphibious.
You can wear up to eight rings at the same time.
Your skin changes colour to match your surroundings (Stealth+).
Your rubbery body absorbs attacks. (AC +1, EV +1)
((You are camouflaged when in or above water. (Stealth+)))
You have tentacles for arms and can constrict up to eight enemies at once.


Message History

You tentacle-slap the goblin.
You kill the goblin!
A goblin comes into view. It is wielding a +0 club.
A goblin comes into view. It is wielding a +0 dagger.
The goblin barely misses you.
Robin points. "Kill!"
Robin roars a battlecry!
The goblins go into a battle-frenzy!
The goblin hits you with a +0 dagger.
You hear a shout!
Your Fighting skill increases to level 3!
You have reached level 5!
You feel clever.
You bludgeon the goblin!
You kill the goblin!
Robin throws the goblin at you! The goblin barely misses you. x2
A goblin comes into view. It is wielding a +0 club.
Unknown command.
You closely miss the goblin. Your grab misses the goblin.
The goblin hits you but does no damage. The goblin barely misses you.
The goblin hits you with a +1 dagger of electrocution.
You are electrocuted!
* * * LOW HITPOINT WARNING * * *
A hobgoblin comes into view.
Unknown command.
The goblin attacks as you move away! The goblin barely misses you.
The goblin hits you with a +1 dagger of electrocution.
* * * LOW HITPOINT WARNING * * *
Things that are here:
a +0 club; a goblin corpse The goblin attacks as you move away!
The goblin hits you with a +0 club.
* * * LOW HITPOINT WARNING * * *
Unknown command.
It was a potion of might.
You feel very mighty all of a sudden. The goblin misses you. x2
You feel mightier all of a sudden. The goblin barely misses you.
The goblin hits you but does no damage. The goblin hits you with a +0 club!
You die...

..## #####.#.....# #..# ..
...#......?. ##.#
..#####.........# #.####
#..$.....†g....# ##....#
...[....#g......##
..###.#...#.....gg)......#
.......... .#..#g#.).....#
.......##.###...gg.#.....#
...
...##...........hgg......#
... ...#
#.#g.#...<....#.....# ...
...###.......#.....#.....#
... ##...#....#.##.....#
#.### #.#
#............#.....# .#
#.##
...........#.#.....##.##
.##..#
...........#.......##.#
##.#....
..............#######.#
#...#....
#..............#......##..#
#....


You could see Robin, a hobgoblin (wandering, strong) and 7 goblins.

Vanquished Creatures
  A gnoll (D:3)
  3 adders
  A white imp (D:3)
  2 worms
  4 dart slugs
  8 bats
  2 endoplasms
  A giant cockroach (D:1)
  6 goblins
  6 hobgoblins
  5 quokkas
  3 ball pythons (D:1)
  7 frilled lizards
  7 kobolds
  4 rats
60 creatures vanquished.

Notes
Turn   | Place    | Note
-------+----------+-------------------------------------------
     0 | D:1      | LustLizard the Octopode Shapeshifter began the quest for
                  | the Orb.
     0 | D:1      | Reached XP level 1. HP: 14/14 MP: 1/1
   230 | D:1      | Reached XP level 2. HP: 11/19 MP: 2/2
   515 | D:1      | Reached XP level 3. HP: 25/25 MP: 3/3
  1198 | D:2      | Reached XP level 4. HP: 30/30 MP: 4/4
  1541 | D:3      | Noticed Ijyb
  1657 | D:3      | Found a bloodstained altar of Trog.
  1768 | D:3      | Found a shimmering blue altar of Sif Muna.
  1772 | D:3      | Got Sif Muna's Vellum of Anemomancy
  1904 | D:3      | Noticed Robin
  1913 | D:3      | Reached XP level 5. HP: 30/36 MP: 5/5
  1916 | D:3      | HP: 1/36 [goblin/+0 club[Robin] (6)]
  1918 | D:3      | Slain by a goblin

Illustrated notes

Levels and vault maps discovered:
D:1:      grunt_arrival_crossed_arrows, layout_basic, serial_bayou,
          serial_bayou_lagoon_a, serial_bayou_crossing, serial_bayou_pond_a,
          serial_bayou_pond_c, nicolae_twisty_statue_hallways
D:2:      layout_rooms
D:3:      layout_rooms, nzn_overflow_gifts_of_might_and_magic,
          grunt_temple_overflow_octagram, uniq_robin, uniq_ijyb

Skill      XL: |  1  2  3  4 |
---------------+-------------+-----
Unarmed Combat | 3 |  3.8
Fighting       | 3 |  3.0
Dodging        | |  2.0
Shapeshifting  | |  3.5

Action                     |  1- 3 |  4- 6 || total
---------------------------+-------+-------++-------
  Melee: Unarmed           |    69 |    42 ||   111
         Constrict         |    20 |    14 ||    34
         Tentacles         |    10 |     6 ||    16
         Punch             |       |     1 ||     1
    Use: Potion            |       |     2 ||     2
   Stab: Sleeping          |     7 |     2 ||     9
 Armour: Skin              |    11 |     5 ||    16
  Dodge: Dodged            |    40 |    29 ||    69

Table legend: (Time is in decaauts)
 A = Elapsed time spent in this place.
 B = Non-inter-level travel time spent in this place.
 C = Inter-level travel time spent in this place.
 D = Time resting spent in this place.
 E = Time spent auto-exploring this place.
 F = Levels seen in this place.
 G = Mean time per level.
                   A        B        C        D        E       F      G
               +--------+--------+--------+--------+--------+-----+--------+
         Total |   1912 |   1827 |     85 |    127 |   1387 |   3 |  637.3 |
       Dungeon |   1912 |   1827 |     85 |    127 |   1387 |   3 |  637.3 |
               +--------+--------+--------+--------+--------+-----+--------+

Top non-repeatable levels by time:
     D:1: 933 daAuts
     D:2: 589 daAuts
     D:3: 389 daAuts
